 Dungeon Crawl Stone Soup version 0.21.1-1-g345015f (webtiles) character file.

51 kae the Insei (level 3, 0/31 HPs)
             Began as a Naga Transmuter on June 11, 2018.
             Slain by a worm (10 damage)
             ... on level 2 of the Dungeon.
             The game lasted 00:01:53 (2076 turns).

kae the Insei (Naga Transmuter)                     Turns: 2076, Time: 00:01:54

Health: 0/31       AC:  2    Str: 12    XL:     3   Next: 81%
Magic:  6/6        EV: 10    Int: 13    God:
Gold:   55         SH:  0    Dex: 12    Spells: 3/6 levels left

rFire    . . .     SeeInvis +     - Unarmed
rCold    . . .     Gourm    .   (no shield)
rNeg     + . .     Faith    .   b - +0 robe
rPois    +         Spirit   .   (no helmet)
rElec    .         Reflect  .   (no cloak)
rCorr    .         Harm     .   (no gloves)
MR       .....                  (no barding)
Stlth    +.........             (no amulet)
HPRegen  0.10/turn              j - ring of positive energy
MPRegen  0.10/turn              (no ring)

@: short of breath, very slow
A: large, see invisible, deformed body, poison resistance, slowness 2, slow
metabolism 1, spit poison 1, AC +1
a: Spit Poison


You were on level 2 of the Dungeon.
You were not hungry.

You visited 1 branch of the dungeon, and saw 2 of its levels.

You collected 55 gold pieces.

Inventory:

Missiles
 a - 50 arrows
Armour
 b - a +0 robe (worn)
Jewellery
 j - a ring of positive energy (left hand)
Scrolls
 f - a scroll of identify
 h - 2 scrolls of blinking
 i - a scroll of remove curse {unknown}
Potions
 e - a potion of heal wounds {unknown}
Books
 c - a book of Changes

   Spells                             Type                      Level
   a - Beastly Appendage              Transmutation                1
   b - Sticks to Snakes               Transmutation                2
   c - Spider Form                    Transmutation/Poison         3
   d - Ice Form                       Ice/Transmutation            4
   e - Blade Hands                    Transmutation                5
Comestibles
 d - 6 rations
 g - a chunk of flesh


   Skills:
 + Level 1.6 Fighting
 + Level 2.0 Dodging
 * Level 3.5 Unarmed Combat
 + Level 2.3 Spellcasting
 + Level 2.4 Transmutations


You had 3 spell levels left.
You knew the following spells:

 Your Spells              Type           Power        Failure   Level  Hunger
a - Beastly Appendage     Tmut           #.....       9%          1    #......
b - Sticks to Snakes      Tmut           #.......     14%         2    ###....


Dungeon Overview and Level Annotations

Branches:
Dungeon (2/15)

Altars:
Xom
Zin


Innate Abilities, Weirdness & Mutations

You cannot wear boots.
Your serpentine skin is tough. (AC +1)
You have supernaturally acute eyesight. (SInv)
Armour fits poorly on your strangely shaped body.
Your system is resistant to poisons. (rPois)
You cover ground very slowly.
You have a slow metabolism.
You can spit poison.


Message History

The worm looks more healthy.
You hit the worm but do no damage.
The worm is severely wounded.
The worm barely misses you.
You barely miss the worm.
The worm is heavily wounded.
The worm bites you.
You hit the worm.
The worm is severely wounded.
You hit the worm but do no damage.
The worm is severely wounded.
The worm closely misses you.
You hit the worm but do no damage.
The worm is severely wounded.
Press: ? - help, Shift-Dir - straight line, f/p - worm
Aim: a worm (severely wounded)
The splash of poison hits the worm.
The worm is poisoned.
The worm is almost dead.
You feel slightly more hungry. The worm bites you!
You die...

##.##########.#
#.#
#.............#
#.#
###..##########.#
#.# ........# #.#
#.# ###..##.#
#.######.#
###..##.#
#........#
........##
#..#######
##..#...#### #..#
###)........#
#.@#
.....#...##.#
#..w.#
######..###.#
##.#.# #.## #.#
#.#.# ...# #.#
#.# #
###########.# #.#
....####..>.# #.#
#...........# #.#
..#.####....#


You could see a worm.

Vanquished Creatures
  An adder (D:2)
  An ooze (D:1)
  A worm (D:2)
  3 dart slugs
  2 leopard geckos (D:2)
  4 giant cockroaches (D:1)
  4 goblins
  2 kobolds
  3 bats
  2 frilled lizards (D:2)
  4 rats
27 creatures vanquished.

Notes
Turn   | Place    | Note
-------+----------+-------------------------------------------
     0 | D:1      | kae the Naga Transmuter began the quest for the Orb.
     0 | D:1      | Reached XP level 1. HP: 18/18 MP: 3/3
   433 | D:1      | Reached XP level 2. HP: 21/25 MP: 3/5
   454 | D:1      | Learned a level 2 spell: Sticks to Snakes
  1291 | D:2      | Reached XP level 3. HP: 11/31 MP: 4/6
  1679 | D:2      | Found a glowing silver altar of Zin.
  1681 | D:2      | Noticed an angel
  1693 | D:2      | Found a shimmering altar of Xom.
  2076 | D:2      | Slain by a worm

Skill      XL: |  1  2  3 |
---------------+----------+-----
Dodging        | 2 |  2.0
Fighting       | |  1.6
Unarmed Combat | |  3.5
Spellcasting   | |  2.3
Transmutations | |  2.4

Action                   || total
-------------------------++-------
Melee: Unarmed           ||   107
       Headbutt          ||     8
 Cast: Beastly Appendage ||    16
       Sticks to Snakes  ||     1
 Abil: Spit Poison       ||    21
  Use: Scroll            ||     5
 Stab: Sleeping          ||     1
  Eat: Chunk             ||     4
Armor: Robe              ||    22
Dodge: Dodged            ||    71
